cohdb
Replays
Latest Replays
All Replays
Popular Replays
Top Player Replays
Match Explorer
How It Works
Community
CoH3 Stats
Reddit
Sign in to upload your games and track your stats! →
Sign in with Steam
Match 47379175
Unlisted
Match 47379175
Overview
Messages
Build Orders
End
Vickers Machine Gun Team
Construct Section Command Post
Dingo Light Scout Car
Infantry Section
Infantry Section
Construct Platoon Command Post
6-pounder Anti-tank Gun Team
CMP 15cwt Truck
Infantry Section
Infantry Section
Unlock Bishop Self-propelled Artillery
Bishop Self-propelled Artillery
Grenade Package
Petranodon
BANTENG RAIDER
tubagznyven
CptDelaney
ffgghhjjkkll
Torus
Zahnlücke 2.0
Hasko
0
0
Comments
sign in to comment!
No comments posted yet!